Map: Aire du défenseur EC

Players

Möhre

  • Race: Protoss Protoss
  • League: Gold
  • Spawn Location: 7:00

zidar - Winner!

  • Race: Zerg Zerg
  • League: Gold
  • Spawn Location: 1:00

VOD

Have the link to the VOD?

Description

Time

  • Played on: June 26, 2017, 10:27 a.m.
  • Length: 12:06
Show
View Real Time Build Order
Export as new Build Order

Möhre Protoss 

Build Orders: 1 Gate Expand 

Get SALT Encoding   

  12  0:00  Probe (Chrono Boost)  
  13  0:11  Probe (Chrono Boost)  
  14  0:26  Assimilator, Pylon  
  14  0:28  Probe (Chrono Boost)  
  15  0:46  Gateway  
  15  0:49  Probe (Chrono Boost)  
  16  1:03  Probe (Chrono Boost)  
  17  1:17  Probe (Chrono Boost)  
  18  1:29  Probe (Chrono Boost)  
  19  1:35  Nexus  
  19  1:39  Cybernetics Core  
  19  1:42  Probe (Chrono Boost)  
  20  1:53  Probe (Chrono Boost)  
  21  1:54  Assimilator  
  21  2:06  Probe (Chrono Boost)  
  22  2:10  Pylon  
  22  2:16  Probe (Chrono Boost)  
  23  2:29  Adept (Chrono Boost)  
  25  2:32  Probe  
  25  2:36  Warp Gate  
  26  2:43  Pylon  
  26  2:44  Probe  
  26  2:48  Gateway  
  27  2:58  Gateway  
  27  2:59  Gateway  
  27  3:04  Probe  
  27  3:05  Probe  
  29  3:16  Stalker (Chrono Boost)  
  29  3:18  Probe  
  29  3:19  Probe  
  33  3:29  Probe  
  35  3:34  Probe  
  35  3:40  Probe  
  35  3:46  Probe  
  35  3:48  Gateway  
  37  3:51  Probe  
  37  3:55  Gateway  
  38  3:59  Gateway  
  38  4:02  Probe  
  38  4:04  Probe  
  38  4:06  Adept (Chrono Boost)  
  42  4:14  Probe  
  42  4:16  Probe  
  44  4:20  Pylon  
  44  4:24  Probe  
  44  4:28  Probe  
  46  4:34  Mothership Core  
  48  4:51  Assimilator  
  48  4:53  Assimilator  
  48  4:55  Probe  
  48  4:57  Probe  
  50  5:03  Nexus  
  50  5:04  Pylon  
  50  5:05  Robotics Facility  
  50  5:13  Stargate  
  50  5:14  Probe  
  50  5:15  Twilight Council  
  50  5:18  Probe, Pylon  
  50  5:21  Pylon  
  52  5:37  Probe  
  52  5:38  Probe  
  54  5:50  Pylon  
  54  5:51  Stalker x2  
  54  5:52  Stalker x2  
  54  5:55  Probe, Forge  
  54  5:56  Probe, Forge  
  64  6:05  Charge (Chrono Boost)  
  64  6:12  Templar Archives  
  64  6:17  Immortal  
  64  6:20  Phoenix  
  70  6:29  Protoss Ground Weapons Level 1 (Chrono Boost), Protoss Ground Armor Level 1 (Chrono Boost)  
  70  6:33  Probe x3  
  73  6:46  Pylon  
  73  6:49  Pylon  
  73  6:51  Probe x3  
  76  6:59  Stalker x2  
  76  7:00  Pylon  
  80  7:03  Probe x2  
  80  7:04  Probe  
  83  7:09  Assimilator  
  83  7:12  Assimilator  
  83  7:15  Probe  
  83  7:16  Probe x2  
  83  7:20  Blink (Chrono Boost)  
  86  7:33  Zealot  
  86  7:34  Zealot x2  
  86  7:35  Zealot x2  
  96  7:47  Probe x3  
  99  8:02  Probe x3, Gateway  
  99  8:03  Gateway  
  102  8:06  Gateway  
  102  8:08  Gateway  
  102  8:09  Gateway  
  102  8:14  Probe x3  
  105  8:26  Probe x3  
  108  8:37  Gateway  
  108  8:38  Adept  
  108  8:39  Gateway  
  110  8:41  Gateway  
  110  8:42  Gateway  
  110  8:58  Stalker x2  
  110  8:59  Stalker x2  
  110  9:00  Nexus  
  118  9:03  Psionic Storm  
  118  9:07  Observer  
  118  9:08  Phoenix  
  118  9:09  Nexus  
  121  9:14  Resonating Glaives  
  121  9:20  High Templar x3  
  121  9:21  High Templar x3  
  133  9:27  Protoss Ground Weapons Level 2 (Chrono Boost), Protoss Ground Armor Level 2 (Chrono Boost)  
  133  9:30  Archon x3  
  133  10:02  Pylon  
  133  10:03  Assimilator  
  133  10:04  Assimilator  
  133  10:08  Pylon  
  133  10:11  Phoenix  
  133  10:12  Observer  
  136  10:21  Pylon  
  136  10:23  Pylon  
  136  10:26  Assimilator  
  136  10:31  Assimilator  
  136  10:33  Pylon  
  136  10:34  Pylon  
  136  10:35  High Templar x3  
  138  10:36  High Templar x3, Pylon  
  138  10:37  High Templar x3, Pylon  
  138  10:38  Zealot  
  120  11:17  Zealot x2  
  120  11:18  Zealot x3  
  104  11:19  Zealot x3  
  104  11:20  Zealot x2  
  88  11:44  Zealot x4  
  88  11:45  Zealot x4  
  88  11:46  Zealot x2  
Show
View Real Time Build Order
Export as new Build Order

zidar Zerg - Winner!

Build Orders: Pool First, Lurkers 

Get SALT Encoding   

  12  0:02  Drone  
  13  0:12  Overlord  
  13  0:18  Drone  
  14  0:31  Drone x2  
  16  0:42  Spawning Pool  
  15  0:46  Drone  
  16  1:09  Hatchery  
  16  1:11  Drone  
  16  1:15  Extractor  
  16  1:17  Drone  
  16  1:27  Drone  
  17  1:32  Queen  
  19  2:08  Queen  
  19  2:14  Overlord  
  21  2:16  Metabolic Boost  
  21  2:20  Drone  
  22  2:48  Roach Warren  
  21  2:58  Extractor  
  20  2:59  Drone x6  
  20  3:00  Drone x3  
  28  3:44  Drone x7  
  35  3:48  Lair  
  35  3:52  Pneumatized Carapace  
  36  3:55  Drone  
  36  4:02  Extractor  
  36  4:04  Overlord x2  
  36  4:05  Drone  
  36  4:07  Extractor, Drone  
  36  4:32  Evolution Chamber  
  35  4:39  Evolution Chamber  
  34  4:55  Drone x6  
  40  5:04  Zerg Ground Armor Level 1  
  40  5:05  Zerg Missile Weapons Level 1  
  40  5:10  Drone x5  
  45  5:24  Hatchery, Hydralisk Den  
  43  5:31  Glial Reconstitution  
  43  5:35  Roach x4  
  51  5:39  Overlord x2  
  51  6:02  Muscular Augments  
  51  6:05  Hydralisk x3  
  51  6:06  Hydralisk x2  
  51  6:09  Overseer  
  61  6:12  Drone x3  
  61  6:16  Overlord  
  64  6:40  Queen  
  64  6:44  Roach x6  
  78  6:48  Drone x4  
  78  6:52  Overlord  
  78  6:53  Overlord  
  82  7:01  Zerg Ground Armor Level 2  
  82  7:06  Zerg Missile Weapons Level 2  
  82  7:14  Infestation Pit  
  81  7:17  Lurker Den  
  81  7:37  Drone x2  
  82  7:41  Drone x7  
  90  7:46  Extractor  
  90  7:49  Extractor  
  88  7:56  Hydralisk x3  
  88  7:57  Hydralisk x2  
  98  8:15  Overlord  
  98  8:16  Overlord x6  
  98  8:37  Hive  
  98  8:38  Spire  
  97  9:03  Roach x7, Hydralisk x6  
  97  9:05  Roach x3  
  129  9:12  Drone x4  
  133  9:19  Zerg Melee Weapons Level 1  
  133  9:30  Lurker x3  
  136  9:34  Lurker  
  137  10:01  Overlord x4  
  137  10:49  Hydralisk x3  
  137  10:50  Hydralisk x9  
  137  10:51  Roach x7  
  137  10:52  Roach x5  
Tags
 
Add a new tag
Caveats
  • Supply blocks, unpowered buildings, or Contaminate may cause inaccurate times.
  • Supply counts are checked every 10 seconds.